 Dungeon Crawl Stone Soup version 0.30-a0-122-g2a1322497e (webtiles) character file.

Game seed: 8414858942656619839

23 Chimkentus the Scratcher (level 2, -3/12 HPs)
             Began as a Felid Transmuter on Sept 16, 2022.
             Was a Follower of Cheibriados.
             Slain by a goblin
             ... wielding a +0 club
              (5 damage)
             ... on level 2 of the Dungeon.
             The game lasted 00:10:34 (1010 turns).

Chimkentus the Scratcher (Felid Transmuter)         Turns: 1010, Time: 00:10:35

Health: -3/12      AC:  1    Str:  8    XL:     2   Next: 72%
Magic:  0/6        EV: 18    Int: 16    God:    Cheibriados [*.....]
Gold:   97         SH:  0    Dex: 18    Spells: 1/5 levels left
                                        Lives:  0   Deaths: 0

rFire   . . .      SeeInvis +      - Unarmed
rCold   . . .      Faith    .    (shield unavailable)
rNeg    . . .      Spirit   .    (body armour unavailable)
rPois   .          Reflect  .    (helmet unavailable)
rElec   .          Harm     .    (cloak unavailable)
rCorr   .          Rampage  .    (gloves unavailable)
Will    .....                    (boots unavailable)
Stlth   ++........               (no amulet)
HPRegen 0.04/turn                (no ring)
MPRegen 0.10/turn                (no ring)

@: appendages (expiring), slow
A: horns 2, very small, claws 1, fangs 3, see invisible, speed 1, shaggy fur 1,
stealthy paws, no weapons or thrown items, no armour, multi-lived
a: End Transformation, Renounce Religion, Bend Time


You were on level 2 of the Dungeon.
You worshipped Cheibriados.
Cheibriados was aware of your devotion.
You had temporarily grown beastly horns.
You visited 1 branch of the dungeon, and saw 2 of its levels.

You collected 97 gold pieces.

Inventory:

Missiles
 f - 8 stones
Scrolls
 b - a scroll of immolation {unknown}
 d - a scroll of enchant armour {unknown}
 e - a scroll of identify {unknown}
Potions
 a - 2 potions of lignification
 c - a potion of attraction {unknown}


   Skills:
 * Level 1.5 Fighting
 + Level 2.9 Dodging
 * Level 1.4 Stealth
 + Level 3.2 Unarmed Combat
 + Level 2.1 Spellcasting
 + Level 2.4 Transmutations
 * Level 0.1 Earth Magic


You had one spell level left.
You knew the following spells:

 Your Spells              Type           Power      Damage    Failure   Level
a - Beastly Appendage     Tmut           18%        N/A       8%          1
b - Wereblood             Tmut           9%         N/A       12%         2
c - Sandblast             Erth           4%         2d4       19%         1

Your spell library contained the following spells:

 Spells                   Type           Power      Damage    Failure   Level
 Passwall                 Tmut/Erth      4%         N/A       19%         2
 Spider Form              Tmut/Pois      5%         N/A       36%         3
 Stone Arrow              Conj/Erth      2%         3d7       52%         3
 Ice Form                 Ice/Tmut       5%         N/A       77%         4
 Lehudib's Crystal Spear  Conj/Erth      0%         10d2      100%        8
 Animate Armour           Summ/Erth      Unusable   N/A       N/A         4

Dungeon Overview and Level Annotations

Branches:
Dungeon (2/15)

Altars:
Cheibriados


Innate Abilities, Weirdness & Mutations

You have temporarily grown beastly horns.
You have sharp claws.
You have razor-sharp teeth.
You have supernaturally acute eyesight. (SInv)
You cover ground quickly. (Speed+)
You are covered in fur. (AC +1)
Your paws help you pounce on unaware monsters.
You are incapable of wielding weapons or throwing items.
You cannot wear armour.
You gain extra lives every three experience levels.


Message History

You miscast Sandblast.
You are very lightly contaminated with residual magic.
Nothing appears to happen.
Casting: Sandblast (safe; 19% risk of failure)
Confirm with . or Enter, or press ? or * to list all spells.
Aiming: Sandblast (safe; 19% risk of failure)
Press: ? - help, Shift-Dir - straight line, f/p - giant cockroach
Aim: a giant cockroach (81% to hit)
The blast of sand hits the giant cockroach but does no damage.
The giant cockroach closely misses you. The goblin attacks as you move away!
The goblin completely misses you.
You see here a +0 club.
Casting: Sandblast (safe; 19% risk of failure)
Confirm with . or Enter, or press ? or * to list all spells.
You grow a pair of large bovine horns.
The giant cockroach bites you. x2
You closely miss the giant cockroach.
Your headbutt misses the giant cockroach.
The giant cockroach bites you.
You barely miss the giant cockroach. Your bite misses the giant cockroach.
The giant cockroach bites you. The flow of time bends around you.
Cheibriados rebukes the giant cockroach.
The giant cockroach seems to slow down.
The giant cockroach completely misses you.
Your magical contamination has completely faded away.
Your transformation is almost over.
Casting: Beastly Appendage (safe; 8% risk of failure)
Confirm with . or Enter, or press ? or * to list all spells.
Aiming: Sandblast (safe; 19% risk of failure)
Press: ? - help, Shift-Dir - straight line, f/p - giant cockroach
Aim: a giant cockroach (slow, 81% to hit)
The blast of sand hits the giant cockroach but does no damage.
You scratch the giant cockroach.
You kill the giant cockroach!
You scratch the goblin.
The goblin is moderately wounded.
The goblin hits you with a +0 club.
* * * LOW HITPOINT WARNING * * *
The goblin attacks as you move away! The goblin hits you with a +0 club.
You die...

....##..###..........
........#.#........# #+
..........#.#......# #.###
...B....#.#.#.####.#######...#
..B.......#.#)#............#.#
######....#.#......##### #.#.#
.........)....#..#######..<#
...........#g###........###.#
.....####..#@###.######.#....
.............#......# #.#.#.#
##.........#.#..#.#.# #......
#.........+.#......# ###.###
.........#†#......# #....
.........#....#...#########
.........#........#........
r........####..####.#######
........# ##.[.##.###


You could see a goblin.

Vanquished Creatures
  2 dart slugs (D:1)
  A ball python (D:1)
  2 endoplasms (D:1)
  A giant cockroach (D:2)
  3 goblins
  A hobgoblin (D:2)
  3 kobolds
  A bat (D:1)
  4 rats
18 creatures vanquished.

Notes
Turn   | Place    | Note
-------+----------+-------------------------------------------
     0 | D:1      | Chimkentus the Felid Transmuter began the quest for the
                  | Orb.
     0 | D:1      | Reached XP level 1. HP: 9/9 MP: 4/4
    90 | D:1      | Found a faded altar of an unknown god.
   217 | D:1      | Reached skill level 1 in Stealth
   217 | D:1      | Reached XP level 2. HP: 4/12 MP: 4/6
   220 | D:1      | Learned a level 2 spell: Wereblood
   615 | D:1      | Learned a level 1 spell: Sandblast
   703 | D:1      | Prayed at the altar of an unknown god.
   703 | D:1      | Became a worshipper of Cheibriados the Contemplative
   703 | D:1      | Reached * piety under Cheibriados
  1010 | D:2      | Slain by a goblin

Illustrated notes

Levels and vault maps discovered:
D:1:      wheals_arrival_shading, layout_rooms,
          shapermc_ecumenical_altar_notcrosses, minmay_pentomino_q4
D:2:      layout_basic, uniq_terence

Skill      XL: |  1 |
---------------+----+-----
Stealth        | 1 |  1.4
Fighting       | |  1.5
Dodging        | |  2.9
Unarmed Combat | |  3.2
Spellcasting   | |  2.1
Transmutations | |  2.4
Earth Magic    | |  0.1

Action                   || total
-------------------------++-------
Melee: Unarmed           ||    30
       Headbutt          ||     2
       Bite              ||     3
       Punch             ||     1
 Cast: Beastly Appendage ||    11
       Sandblast         ||     8
Invok: Bend Time         ||     1
 Stab: Sleeping          ||     3
Armor: Skin              ||     1
Dodge: Dodged            ||    13

Table legend: (Time is in decaauts)
 A = Elapsed time spent in this place.
 B = Non-inter-level travel time spent in this place.
 C = Inter-level travel time spent in this place.
 D = Time resting spent in this place.
 E = Time spent auto-exploring this place.
 F = Levels seen in this place.
 G = Mean time per level.
                   A        B        C        D        E       F      G
               +--------+--------+--------+--------+--------+-----+--------+
         Total |    973 |    912 |     61 |     10 |    697 |   2 |  486.5 |
       Dungeon |    973 |    912 |     61 |     10 |    697 |   2 |  486.5 |
               +--------+--------+--------+--------+--------+-----+--------+

Top non-repeatable levels by time:
     D:1: 741 daAuts
     D:2: 232 daAuts
